 Dungeon Crawl Stone Soup version 0.30.0 (webtiles) character file.

Game seed: 1478675902222254609

2326 SnakkuSnakku7 the Spear-Bearer (level 9, -5/71 HPs)
             Began as a Purple Draconian Cinder Acolyte on May 6, 2023.
             Was a High Priest of Ignis.
             Slain by a troll (9 damage)
             ... on level 6 of the Dungeon.
             The game lasted 00:07:11 (5395 turns).

SnakkuSnakku7 the Spear-Bearer (DrCA)               Turns: 5395, Time: 00:07:12

Health: -5/71      AC: 17    Str: 18    XL:     9   Next: 19%
Magic:  0/10       EV: 11    Int: 14    God:    Ignis [*****.]
Gold:   427        SH:  0    Dex: 10    Spells: 10/10 levels left

rFire   + . .        a - +2 glaive (protect)
rCold   + + .        (shield currently unavailable)
rNeg    . . .        (body armour unavailable)
rPois   .            (helmet restricted)
rElec   .            z - +2 cloak
rCorr   .            (no gloves)
SInv    .            (no boots)
Will    +....        x - amulet of guardian spirit
Stlth   +            k - ring of protection from cold
HPRegen 0.31/turn    y - ring of protection from cold
MPRegen 0.12/turn

%: guardian spirit
@: under a protective aura
A: breathe power, AC +7, unfitting armour, cold-blooded
a: Breathe Dispelling Energy, Renounce Religion, Fiery Armour, Foxfire Swarm,
Rising Flame


You were on level 6 of the Dungeon.
You worshipped Ignis.
Ignis was extremely pleased with you.
You visited 1 branch of the dungeon, and saw 6 of its levels.
You also visited: Sewer.

You collected 427 gold pieces.

Inventory:

Hand Weapons
 a - a +2 glaive of protection (weapon)
 e - a +2 heavy mace
 l - a -1 mace of flaming
Missiles
 c - 9 boomerangs (quivered)
 d - 2 throwing nets
 g - 6 poisoned darts
 j - a curare-tipped dart
Armour
 p - a +2 buckler
 z - a +2 cloak (worn)
Jewellery
 k - a ring of protection from cold (left hand)
 m - a ring of fire
 x - an amulet of guardian spirit (around neck)
 y - a ring of protection from cold (right hand)
 B - the ring of Ciruca {Ice rElec Dex+3}
   (You found it on level 6 of the Dungeon)

   [ring of ice]

   It enhances your ice magic.
   Dex:       It affects your dexterity (+3).
   rF:        It makes you vulnerable to fire.
   rC:        It protects you from cold.
   rElec:     It insulates you from electricity.
Wands
 b - a wand of flame (20)
Scrolls
 h - a scroll of poison
 n - 2 scrolls of teleportation
 q - a scroll of immolation {unknown}
 u - a scroll of amnesia {unknown}
 A - a scroll of vulnerability {unknown}
Potions
 f - 2 potions of haste {unknown}
 i - 2 potions of cancellation
 o - a potion of lignification {unknown}
 r - 2 potions of curing {unknown}
 s - a potion of might {unknown}
 v - a potion of magic
 w - a potion of ambrosia
 C - a potion of berserk rage


   Skills:
 - Level 4.2 Fighting
 - Level 7.6 Maces & Flails
 + Level 8.3 Polearms
 - Level 4.0 Throwing
 - Level 1.7 Shields
 - Level 1.2 Spellcasting
 - Level 3.0 Fire Magic


You had 10 spell levels left.
You didn't know any spells.
Your spell library contained the following spells:

 Spells                   Type           Power      Damage    Failure   Level
 Scorch                   Fire           18%        2d5       12%         2
 Slow                     Hex            0%         N/A       26%         1
 Confusing Touch          Hex            0%         N/A       61%         3
 Portal Projectile        Hex/Tloc       0%         N/A       61%         3
 Tukima's Dance           Hex            0%         N/A       61%         3
 Vampiric Draining        Necr           0%         2d6       61%         3
 Blade Hands              Tmut           0%         N/A       100%        5


Dungeon Overview and Level Annotations

Branches:
Dungeon (6/15)             Temple (0/1) D:6           Sewer (visited)

Altars:


Innate Abilities, Weirdness & Mutations

You can breathe bolts of dispelling energy.
Your rich purple scales are hard. (AC +7)
You cannot fit into any form of body armour.
You are cold-blooded and may be slowed by cold attacks.


Message History

The troll claws you! The troll bites you but does no damage.
The troll closely misses you. The troll claws you.
You barely miss the troll.
The troll is lightly wounded.
The troll closely misses you. The troll misses you.
The troll closely misses you.
You slash the troll!
The troll is moderately wounded.
The troll bites you but does no damage. The troll claws you but does no damage.
The troll claws you!
You slash the troll!
The troll is heavily wounded.
The troll barely misses you.
The troll claws you but does no damage. x2
The troll closely misses you. The troll claws you.
The troll claws you but does no damage.
You are too injured to fight recklessly!
You are too injured to fight recklessly!
You are too injured to fight recklessly!
You are too injured to fight recklessly!
You are too injured to fight recklessly!
You closely miss the troll.
The troll is heavily wounded.
The troll bites you! The troll claws you but does no damage.
The troll misses you.
You hit the troll.
The troll is heavily wounded.
The troll bites you!
* * * LOW HITPOINT WARNING * * *
The troll claws you but does no damage. x2
You hit the troll.
The troll is severely wounded.
The troll bites you.
* * * LOW HITPOINT WARNING * * *
The troll barely misses you. The troll claws you but does no damage.
You hit the troll.
The troll is severely wounded.
The troll bites you!
* * * LOW HITPOINT WARNING * * *
The troll claws you!
You die...

###################
..#.....#.....#?[$#
..#.....#.....#.|.#
..#..#..#.†#..#))!#
..#..#..#..#..###T#
.....#..)..#....@.#### ###
.....#.....#.....?#..### #..
####################...########.#
................[...............#
.....................♣.♣.........
####################..>..#.......
.....#.....# #.♣.♣.#.......
.....#.....# #.....#.......
..#..#..#..# #######.......


You could see a troll.

Vanquished Creatures
  A troll (D:6)
  Grinder (D:5)
  2 water moccasins
  An orc warrior (D:6)
  A black bear (D:6)
  4 centaurs
  An ogre (D:6)
  3 phantoms
  A kobold brigand (D:6)
  3 scorpions
  A howler monkey (D:5)
  4 hounds
  A jelly (D:6)
  2 orc priests
  3 iguanas
  3 orc wizards (D:4)
  14 adders
  2 shadow imps (D:6)
  An ufetubus (D:6)
  2 worms
  3 dart slugs
  15 orcs
  3 endoplasms
  7 giant cockroaches
  5 goblins
  5 hobgoblins
  21 jackals
  14 kobolds
  3 quokkas
  4 ball pythons
  9 bats
  3 frilled lizards (D:1)
  6 rats
149 creatures vanquished.

Vanquished Creatures (others)
  10 foxfires (Sewer)
10 creatures vanquished.

Grand Total: 159 creatures vanquished

Notes
Turn   | Place    | Note
-------+----------+-------------------------------------------
     0 | D:1      | SnakkuSnakku7 the Draconian Cinder Acolyte began the quest
                  | for the Orb.
     0 | D:1      | Reached XP level 1. HP: 19/19 MP: 2/2
   161 | D:1      | Reached XP level 2. HP: 25/26 MP: 3/3
   455 | D:1      | Reached XP level 3. HP: 30/33 MP: 4/4
  1140 | D:2      | HP: 1/33 [jackal (1)]
  1145 | D:2      | Reached XP level 4. HP: 36/40 MP: 5/5
  1189 | D:2      | Reached skill level 1 in Throwing
  1618 | D:3      | Found a glowing drain.
  1698 | Sewer    | Entered a sewer
  1789 | Sewer    | Noticed a water moccasin
  1794 | Sewer    | Killed a water moccasin
  1795 | Sewer    | Reached skill level 5 in Maces & Flails
  1795 | Sewer    | Reached XP level 5. HP: 46/46 MP: 6/6
  1953 | D:3      | Reached XP level 6. HP: 22/52 MP: 7/7
  3086 | D:5      | Entered Level 5 of the Dungeon
  3203 | D:5      | Your scales start taking on a rich purple colour.
  3203 | D:5      | Reached XP level 7. HP: 36/59 MP: 5/8
  4095 | D:5      | Noticed Grinder
  4125 | D:5      | Reached skill level 1 in Shields
  4128 | D:5      | Paralysed by Grinder for 3 turns
  4134 | D:5      | Paralysed by Grinder for 4 turns
  4139 | D:5      | Killed Grinder
  4140 | D:5      | Reached skill level 2 in Polearms
  4140 | D:5      | Reached XP level 8. HP: 41/66 MP: 1/9
  4373 | D:6      | Reached skill level 3 in Polearms
  4417 | D:6      | Identified the ring of Ciruca {Ice rElec Dex+3}
  4532 | D:6      | Reached skill level 4 in Polearms
  4701 | D:6      | Reached skill level 5 in Polearms
  4800 | D:6      | Found a staircase to the Ecumenical Temple.
  4889 | D:6      | Reached skill level 6 in Polearms
  5112 | D:6      | Reached skill level 7 in Polearms
  5117 | D:6      | Reached XP level 9. HP: 23/71 MP: 4/10
  5379 | D:6      | Noticed a troll
  5380 | D:6      | Noticed a troll
  5384 | D:6      | Killed a troll
  5385 | D:6      | Reached skill level 8 in Polearms
  5395 | D:6      | Slain by a troll

Illustrated notes

Levels and vault maps discovered:
D:1:      elethiomel_arrival_maze, layout_basic
D:2:      layout_basic
D:3:      layout_basic, gup_sewer_entry_glass
D:4:      layout_loops_cross, kennysheep_big_empty_room
D:5:      layout_rooms, minmay_misc_feat_four_crosses, chequers_jeans,
          uniq_grinder
D:6:      kennysheep_windowed_halls, layout_loops_ring,
          minmay_temple_entry_trees, hangedman_abyss_or_decor_stabs

Skill      XL: |  1  2  3  4  5  6  7  8  9 |
---------------+----------------------------+-----
Fighting       | 4 |  4.2
Maces & Flails | 4 5 6 7 |  7.6
Throwing       | 2 4 |  4.0
Shields        | 1 |  1.7
Polearms       | 2 7 8 |  8.3
Spellcasting   | |  1.2
Fire Magic     | |  3.0

Action                     |  1- 3 |  4- 6 |  7- 9 || total
---------------------------+-------+-------+-------++-------
  Melee: Mace              |   139 |   159 |    72 ||   370
         Tailslap          |    13 |    16 |    24 ||    53
         Glaive            |       |       |   158 ||   158
 Invoke: Foxfire Swarm     |       |     1 |       ||     1
  Evoke: Wand              |       |       |     4 ||     4
    Use: Potion            |     1 |       |     3 ||     4
         Scroll            |       |     4 |     5 ||     9
   Stab: Sleeping          |     1 |       |     1 ||     2
 Armour: Skin              |    73 |    89 |   207 ||   369
  Dodge: Dodged            |   121 |   111 |   262 ||   494
  Block: Buckler           |       |    28 |    28 ||    56
